 Dungeon Crawl Stone Soup version 0.31-a0-795-g5eb97db20b (webtiles) character file.

Game seed: 1962857043359263910

444 patchburns1 the Magician (level 6, -2/30 HPs)
             Began as a Spriggan Hedge Wizard on Sept 18, 2023.
             Was a Follower of Dithmenos.
             Slain by an orc priest
             ... wielding a +0 hand axe of electrocution
              (18 damage)
             ... on level 4 of the Dungeon.
             The game lasted 00:31:04 (5692 turns).

patchburns1 the Magician (Spriggan Hedge Wizard)    Turns: 5692, Time: 00:31:04

Health: -2/30      AC:  3    Str: 11    XL:     6   Next: 72%
Magic:  7/14       EV: 18    Int: 17    God:    Dithmenos [*.....]
Gold:   218        SH:  0    Dex: 15    Spells: 8/14 levels left

rFire   + . .        u - +2 dagger (venom)
rCold   . . .        (no shield)
rNeg    . . .        b - +0 robe
rPois   .            c - +0 hat
rElec   .            q - +0 cloak
rCorr   .            (gloves unavailable)
SInv    +            (boots unavailable)
Will    ++...        (no amulet)
Stlth   +++          k - ring "Kegritepp" {rF+ Will+ Str+5 Slay+4}
HPRegen 0.25/turn    (no ring)
MPRegen 0.14/turn

%: no passive effects
@: very slightly contaminated, wreathed by umbra, very quick
A: very small, no large weapons, unfitting armour, see invisible, speed 3
a: Renounce Religion


You were on level 4 of the Dungeon.
You worshipped Dithmenos.
Dithmenos was aware of your devotion.
You visited 2 branches of the dungeon, and saw 6 of its levels.
You also visited: Sewer.

You collected 218 gold pieces.

Inventory:

Hand Weapons
 i - a +1 dagger of speed
 u - a +2 dagger of venom (weapon)
 v - a +2 short sword of freezing
Missiles
 e - 49 stones
 j - 12 poisoned darts
 y - 2 curare-tipped darts
Armour
 b - a +0 robe (worn)
 c - a +0 hat (worn)
 q - a +0 cloak (worn)
Jewellery
 k - the ring "Kegritepp" (left hand) {rF+ Will+ Str+5 Slay+4}
   (You acquired it on level 3 of the Dungeon)

   [ring of slaying]

   Str+5:     It affects your strength (+5).
   Slay+4:    It affects your accuracy & damage with ranged weapons and melee
   (+4).
   rF+:       It protects you from fire.
   Will+:     It increases your willpower.
 o - an amulet of magic regeneration
Wands
 a - a wand of roots (8)
Scrolls
 f - 3 scrolls of teleportation
 l - a scroll of brand weapon
 n - 2 scrolls of identify
 p - a scroll of torment {unknown}
 r - a scroll of immolation {unknown}
 t - a scroll of enchant armour {unknown}
 w - a scroll of fear {unknown}
 x - 3 scrolls of amnesia {unknown}
Potions
 d - a potion of magic
 g - 3 potions of heal wounds
 h - a potion of mutation
 m - a potion of resistance
 s - a potion of attraction
 z - 3 potions of enlightenment


   Skills:
 + Level 1.0 Fighting
 + Level 1.6 Short Blades
 + Level 1.3 Throwing
 - Level 0.6 Armour
 + Level 3.6 Dodging
 + Level 4.0 Stealth
 + Level 4.6 Spellcasting
 + Level 1.4 Conjurations
 + Level 1.8 Hexes
 + Level 1.6 Summonings
 + Level 2.8 Translocations
 - Level 0.4 Fire Magic
 - Level 0.4 Ice Magic
 + Level 1.4 Air Magic
 + Level 1.0 Earth Magic
 + Level 1.4 Poison Magic
 + Level 1.4 Evocations


You had 8 spell levels left.
You knew the following spells:

 Your Spells              Type           Power      Damage    Failure   Level
a - Magic Dart            Conj           32%        1d4       9%          1
b - Blink                 Tloc           26%        N/A       7%          2
c - Call Imp              Summ           18%        N/A       12%         2
d - Slow                  Hex            40%        N/A       7%          1

Your spell library contained the following spells:

 Spells                   Type           Power      Damage    Failure   Level
 Cigotuvi's Dreadful Rot  Necr/Pois/Air  14%        N/A       16%         2
 Mephitic Cloud           Conj/Pois/Air  8%         N/A       26%         3
 Ignite Poison            Fire/Tmut/Pois 6%         N/A       34%         3
 Freezing Cloud           Conj/Ice/Air   3%         6-21      95%         5


Dungeon Overview and Level Annotations

Branches:
Dungeon (5/15)             Temple (1/1) D:4           Sewer (visited)

Altars:
Ashenzari
Dithmenos
Elyvilon
Fedhas
Gozag
Kikubaaqudgha
Nemelex Xobeh
Okawaru
Uskayaw
Wu Jian
Zin

Annotations:
D:4 3 runed translucent doors, knightboat's ghost, weakling DEHs


Innate Abilities, Weirdness & Mutations

You are very small and have problems with some larger weapons.
You are too small for most types of armour.
You have supernaturally acute eyesight. (SInv)
You cover ground extremely quickly. (Speed+++)


Message History

The magic dart hits the orc.
The orc is almost dead.
Aiming: Magic Dart (safe; 9% risk of failure)
Press: ? - help, Q - select action, (/) - cycle Shift-Dir - straight line, f/p - orc
Aim: an orc, wielding a +0 dagger (almost dead, 100% to hit)
The magic dart hits the orc.
You kill the orc!
Dithmenos accepts your kill.
An orc priest is nearby!
Aiming: Magic Dart (safe; 9% risk of failure)
Press: ? - help, Q - select action, (/) - cycle Shift-Dir - straight line, f - orc priest
Aim: an orc priest, wielding a +0 hand axe of electrocution and wearing a +0 leather armour (wandering, hasn't noticed you, 100% to hit)
The magic dart hits the orc priest.
The orc priest is lightly wounded.
The orc priest shouts!
Aiming: Magic Dart (safe; 9% risk of failure)
Press: ? - help, Q - select action, (/) - cycle Shift-Dir - straight line, f/p - orc priest
Aim: an orc priest, wielding a +0 hand axe of electrocution and wearing a +0 leather armour (lightly wounded, 100% to hit)
You miscast Magic Dart.
You are very lightly contaminated with residual magic.
Nothing appears to happen.
Aiming: Magic Dart (safe; 9% risk of failure)
Press: ? - help, Q - select action, (/) - cycle Shift-Dir - straight line, f/p - orc priest
Aim: an orc priest, wielding a +0 hand axe of electrocution and wearing a +0 leather armour (lightly wounded, 100% to hit)
The magic dart hits the orc priest but does no damage.
The orc priest is lightly wounded.
The orc wizard shouts!
You hear a shout!
Aiming: Magic Dart (safe; 9% risk of failure)
Press: ? - help, Q - select action, (/) - cycle Shift-Dir - straight line, f/p - orc priest
Aim: an orc priest, wielding a +0 hand axe of electrocution and wearing a +0 leather armour (lightly wounded, 100% to hit)
The magic dart hits the orc priest.
The orc priest is moderately wounded.
The orc priest calls down the wrath of Beogh upon you.
Pain shoots through your body!
A hobgoblin comes into view. It is wielding a +0 scythe.
The orc priest hits you but does no damage.
You are electrocuted!!
Ouch! That really hurt!
You die...

...# #.....# ###..#..#.# ...#
#....g#####..._..#.#
...##########......#......#..#.#
.....J..........>..'......#..#.#
#############J.o...#.....###...#
.# #.......#.#..###.### .#
####)##.#....###.### ..#
#o##.###........# .# #@##.#
#.####.#.# .# #.##.# #.# #.#.#
#+#### #..#.###.####.#.# .....#
#..#.#........#.# .....#
#..#.'........#.# .....#
#....#........#.# ..)..#
#..#........###.# .....##
#..#.#..........# ......# #####
#...............#


You could see an orc priest, an orc wizard and a hobgoblin.

Vanquished Creatures
  A black bear (D:4)
  A kobold brigand (Sewer)
  A sleepcap (D:4)
  3 gnolls (D:4)
  2 river rats (Sewer)
  5 adders
  2 worms
  4 dart slugs
  3 orcs (D:4)
  6 ball pythons
  6 bats
  7 endoplasms
  3 giant cockroaches
  6 goblins
  6 hobgoblins
  2 jackals (Sewer)
  13 kobolds
  3 quokkas
  8 rats
82 creatures vanquished.

Vanquished Creatures (collateral kills)
  A kobold brigand (Sewer)
1 creature vanquished.

Grand Total: 83 creatures vanquished

Notes
Turn   | Place    | Note
-------+----------+-------------------------------------------
     0 | D:1      | patchburns1 the Spriggan Hedge Wizard began the quest for
                  | the Orb.
     0 | D:1      | Reached XP level 1. HP: 9/9 MP: 6/6
   399 | D:1      | Reached XP level 2. HP: 13/13 MP: 1/8
  1232 | D:1      | Learned a level 2 spell: Blink
  1235 | D:1      | Learned a level 2 spell: Call Imp
  1237 | D:1      | Learned a level 1 spell: Slow
  1263 | D:2      | Reached XP level 3. HP: 10/16 MP: 2/9
  2539 | D:2      | Reached skill level 1 in Conjurations
  2539 | D:2      | Reached skill level 1 in Summonings
  2952 | D:2      | Reached XP level 4. HP: 11/21 MP: 8/11
  3389 | D:3      | Reached skill level 1 in Hexes
  3709 | D:3      | Identified a scroll of acquirement
  3710 | D:3      | Acquired the ring "Kegritepp" {rF+ Will+ Str+5 Slay+4}
  4141 | D:4      | Found a staircase to the Ecumenical Temple.
  4179 | Temple   | Entered the Ecumenical Temple
  4265 | Temple   | Became a worshipper of Dithmenos the Shadowed
  4428 | D:4      | Reached skill level 1 in Short Blades
  4428 | D:4      | Reached XP level 5. HP: 16/25 MP: 5/12
  4432 | D:4      | Reached skill level 1 in Air Magic
  4493 | D:4      | Noticed a phantom
  4512 | D:4      | Found a broken altar of Ashenzari.
  4608 | D:4      | Noticed a black bear
  4617 | D:5      | Entered Level 5 of the Dungeon
  4708 | D:4      | Reached skill level 1 in Throwing
  4745 | D:4      | Found a runed translucent gate.
  4746 | D:4      | Found a runed translucent gate.
  4747 | D:4      | Found a runed translucent gate.
  4748 | D:4      | Noticed knightboat's ghost (weakling DEHs)
  4751 | D:4      | Identified the +1 dagger "Hellblazer" {vamp, Dex+3}
  4751 | D:4      | Identified the +4 chain mail of Tuzeczaeb {rElec rN+ Will-}
  4915 | D:4      | Found a glowing drain.
  4920 | Sewer    | Entered a sewer
  4929 | Sewer    | Reached skill level 1 in Poison Magic
  5266 | Sewer    | Reached skill level 1 in Evocations
  5266 | Sewer    | Reached XP level 6. HP: 29/29 MP: 2/13
  5281 | Sewer    | Reached * piety under Dithmenos
  5372 | Sewer    | Found a glowing silver altar of Zin.
  5615 | D:4      | Reached skill level 1 in Fighting
  5615 | D:4      | Reached skill level 1 in Earth Magic
  5692 | D:4      | Slain by an orc priest

Illustrated notes

Levels and vault maps discovered:
D:1:      lightli_arrival_isolated_outpost, layout_basic, glass_columns_c
D:2:      layout_loops_corners
D:3:      layout_basic
D:4:      cheibrodos_pilgrimage, layout_basic, cheibrodos_ashenzari_chains,
          minmay_temple_entry_glass, portal_sewer_entry_e,
          biasface_ghost_orc_armoury, sigmund_army
D:5:      layout_cave_pools, xom_confusion_cloud, marbit_many_paths,
          lemuel_crystal_altar
Temple:   eino_wide_crystal_templ

Skill      XL: |  1  2  3  4  5  6 |
---------------+-------------------+-----
Dodging        | 3 |  3.6
Conjurations   | 1 |  1.4
Summonings     | 1 |  1.6
Translocations | 2 |  2.8
Hexes          | 1 |  1.8
Short Blades   | 1 |  1.6
Air Magic      | 1 |  1.4
Throwing       | 1 |  1.3
Poison Magic   | 1 |  1.4
Evocations     | 1 |  1.4
Fighting       | 1 |  1.0
Stealth        | 4 |  4.0
Earth Magic    | 1 |  1.0
Armour         | |  0.6
Spellcasting   | |  4.6
Fire Magic     | |  0.4
Ice Magic      | |  0.4

Action                     |  1- 3 |  4- 6 || total
---------------------------+-------+-------++-------
  Melee: Dagger            |   117 |   109 ||   226
         Punch             |     1 |     1 ||     2
  Throw: Dart              |     4 |       ||     4
   Cast: Magic Dart        |   118 |    67 ||   185
         Call Imp          |       |     1 ||     1
    Use: Scroll            |     2 |     6 ||     8
   Stab: Sleeping          |     2 |     2 ||     4
 Armour: Robe              |    47 |    32 ||    79
  Dodge: Dodged            |    76 |    77 ||   153

Table legend: (Time is in decaauts)
 A = Elapsed time spent in this place.
 B = Non-inter-level travel time spent in this place.
 C = Inter-level travel time spent in this place.
 D = Time resting spent in this place.
 E = Time spent auto-exploring this place.
 F = Levels seen in this place.
 G = Mean time per level.
                   A        B        C        D        E       F      G
               +--------+--------+--------+--------+--------+-----+--------+
         Total |   4371 |   4335 |     36 |   1543 |   1449 |   7 |  624.4 |
       Dungeon |   3812 |   3776 |     36 |   1231 |   1370 |   5 |  762.4 |
        Temple |     57 |     57 |      0 |      0 |      0 |   1 |   57.0 |
         Sewer |    501 |    501 |      0 |    312 |     78 |   1 |  501.0 |
               +--------+--------+--------+--------+--------+-----+--------+

Top non-repeatable levels by time:
     D:2: 1423 daAuts
     D:1: 965 daAuts
     D:3: 757 daAuts
     D:4: 659 daAuts
   Sewer: 501 daAuts
  Temple: 57 daAuts
     D:5: 6 daAuts
